[Event "Titled Tuesday Blitz February 07 Early 2023"]
[White "Tobares, Leandro"]
[Black "Tarlabasi, Emirhan"]
[WhiteFideId "106402"]
[BlackFideId "6350275"]
[WhiteElo "2189"]
[BlackElo "2300"]
[Result "0-1"]
[Round "01"]
[TimeControl "180+2"]
[Date "2023.02.07"]
[WhiteClock "0:00:02"]
[BlackClock "0:00:15"]

1. e4 e6 2. d3 d5 3. Nd2 Nf6 4. Ngf3 Be7 5. Be2 c5 6. O-O b6 7. exd5 exd5 8. c4 Bb7 9. Qa4+ Bc6 10. Qc2 Nbd7 11. d4 O-O 12. cxd5 Nxd5 13. Nc4 Bf6 14. Rd1 Qc7 15. dxc5 Nxc5 16. Nd4 Nb4 17. Qf5 Be4 18. Qf4 Qxf4 19. Bxf4 Bxd4 20. Rxd4 Nc2 21. Rxe4 Nxe4 22. Rd1 Rfd8 23. Bd3 Nb4 24. Be2 Rxd1+ 25. Bxd1 Rd8 26. Bf3 Nc5 27. a3 Nbd3 28. Bc7 Re8 29. h4 Re1+ 30. Kh2 Nxf2 31. Nd6 g6 32. Bd5 Ne6 33. Bb8 h5 34. Bxa7 Rd1 35. Bxe6 Rxd6 36. Bc4 Ng4+ 37. Kg3 Ne3 38. Bb5 Nf5+ 39. Kf4 Rd4+ 40. Kg5 Rd2 41. g4 Rg2 42. Bxb6 Kg7 43. Kf4 hxg4 44. Bd3 Rxb2 45. Bxf5 Rxb6 46. Bxg4 Ra6 47. h5 Ra4+ 48. Kg3 g5 0-1


[Site "https://www.chess.com"]

[Event "Titled Tuesday Blitz February 07 Early 2023"]
[White "Hirneise, Jens"]
[Black "Ricaurte Lopez, Juan Carlos"]
[WhiteFideId "24614734"]
[BlackFideId "3600327"]
[WhiteElo "2277"]
[BlackElo "2226"]
[Result "1-0"]
[Round "01"]
[TimeControl "180+2"]
[Date "2023.02.07"]
[WhiteClock "0:02:05"]
[BlackClock "0:00:01"]

1. Nf3 d5 2. g3 c5 3. c4 d4 4. b4 cxb4 5. a3 bxa3 6. Bg2 Nc6 7. O-O g6 8. Bxa3 Bg7 9. d3 Nh6 10. Nbd2 O-O 11. Nb3 Re8 12. Ne1 Nf5 13. Nc2 e5 14. Nb4 Nxb4 15. Bxb4 Bf8 16. Bxf8 Kxf8 17. Qd2 Kg7 18. Qb4 Qc7 19. Qc5 Qxc5 20. Nxc5 Nd6 21. Rfb1 f5 22. Nxb7 Nxb7 23. Bxb7 Bxb7 24. Rxb7+ Kh6 25. Raxa7 Rxa7 26. Rxa7 e4 27. Rd7 f4 28. gxf4 exd3 29. exd3 Kh5 30. Rxd4 Kg4 31. Kg2 Re1 32. h3+ Kf5 33. Kf3 Rh1 34. Rd5+ Ke6 35. Kg2 Rd1 36. Rd8 Ke7 37. Rd4 1-0


[Site "https://www.chess.com"]

[Event "Titled Tuesday Blitz February 07 Early 2023"]
[White "Kuchava, Ana"]
[Black "Ladan, Nicholas"]
[WhiteFideId "13605348"]
[BlackFideId "30918855"]
[WhiteElo "2101"]
[BlackElo "2228"]
[Result "0-1"]
[Round "01"]
[TimeControl "180+2"]
[Date "2023.02.07"]
[WhiteClock "0:00:44"]
[BlackClock "0:01:02"]

1. d4 d5 2. Nf3 Nf6 3. c4 c6 4. Qb3 g6 5. Bg5 Bg7 6. cxd5 Nxd5 7. Nc3 O-O 8. e4 Nxc3 9. bxc3 Qa5 10. Bc4 b5 11. Bd3 c5 12. O-O c4 13. Bxc4 bxc4 14. Qc2 Bg4 15. Bxe7 Bxf3 16. Bxf8 Qg5 17. g3 Bxf8 18. h4 Qg4 19. Kh2 Bxe4 20. Qd2 Bd6 21. f4 Nd7 22. Rae1 Nf6 23. d5 Bc5 24. Qe2 Qxe2+ 25. Rxe2 Bd3 0-1


[Site "https://www.chess.com"]

[Event "Titled Tuesday Blitz February 07 Early 2023"]
[White "Czopor, Maciej"]
[Black "Adithya A Chullikkad"]
[WhiteFideId "21805431"]
[BlackFideId "45078734"]
[WhiteElo "2385"]
[BlackElo "2259"]
[Result "1/2-1/2"]
[Round "01"]
[TimeControl "180+2"]
[Date "2023.02.07"]
[WhiteClock "0:00:10"]
[BlackClock "0:00:22"]

1. c4 e5 2. Nc3 Nf6 3. e3 d5 4. cxd5 Nxd5 5. Qc2 Be6 6. a3 Bd6 7. Nf3 O-O 8. Be2 c6 9. O-O Nd7 10. d4 Bg4 11. Nxd5 cxd5 12. dxe5 Rc8 13. Qb3 Nxe5 14. Qxd5 Nxf3+ 15. Bxf3 Bxf3 16. Qxf3 Qb6 17. Rd1 Rc2 18. b4 Be5 19. Rb1 Rfc8 20. Bd2 Ra2 21. Qf5 Qe6 22. Qd3 Bf6 23. Be1 h6 24. h3 Qc6 25. Qb3 Qc2 26. Qxc2 Rcxc2 27. Rd7 Rxa3 28. Rxb7 Raa2 29. b5 Bh4 30. g3 Bxg3 31. fxg3 Rg2+ 32. Kf1 Rh2 33. Kg1 Rhg2+ 34. Kf1 Rh2 35. Kg1 Rhg2+ 1/2-1/2


[Site "https://www.chess.com"]

[Event "Titled Tuesday Blitz February 07 Early 2023"]
[White "Bongo Akanga Ndjila, Barthelemy"]
[Black "Richter, Paul"]
[WhiteFideId "10609431"]
[BlackFideId "2046350"]
[WhiteElo "1824"]
[BlackElo "2171"]
[Result "0-1"]
[Round "01"]
[TimeControl "180+2"]
[Date "2023.02.07"]
[WhiteClock "0:00:27"]
[BlackClock "0:00:19"]

1. d4 Nf6 2. Nf3 g6 3. Bg5 Bg7 4. e3 O-O 5. Nbd2 d6 6. c3 Nbd7 7. Bd3 e5 8. a4 Qe8 9. e4 exd4 10. cxd4 Nxe4 11. Nxe4 d5 12. O-O dxe4 13. Re1 f5 14. Bc4+ Kh8 15. Bc1 Nb6 16. Bb3 Be6 17. a5 Nd5 18. Ng5 Bg8 19. Qc2 Qd7 20. a6 b5 21. Qc5 c6 22. f3 Nf4 23. Be3 Nd3 24. Bxg8 Nxc5 25. dxc5 Kxg8 26. Rad1 Qe7 27. Rd6 f4 28. Bxf4 Rxf4 29. Ne6 Be5 30. Nxf4 Bxd6 31. cxd6 Qxd6 32. Rxe4 Rd8 33. Kf2 c5 34. Kg3 g5 35. Kg4 gxf4 36. Rxf4 Qxf4+ 37. Kxf4 c4 38. Ke5 b4 39. Ke6 c3 40. Ke7 Rd2 41. bxc3 bxc3 42. Ke6 c2 43. Ke5 c1=Q 44. Kf4 Qc7+ 45. Kg4 Rd4+ 46. Kh3 Qf4 47. g4 Qxf3+ 48. Kh4 Qxg4# 0-1


[Site "https://www.chess.com"]

[Event "Titled Tuesday Blitz February 07 Early 2023"]
[White "Mladek, Richard"]
[Black "Winkels, Marcel"]
[WhiteFideId "386588"]
[BlackFideId "1003887"]
[WhiteElo "2436"]
[BlackElo "1960"]
[Result "1-0"]
[Round "01"]
[TimeControl "180+2"]
[Date "2023.02.07"]
[WhiteClock "0:00:22"]
[BlackClock "0:00:11"]

1. d4 Nf6 2. c4 g6 3. Nc3 d5 4. cxd5 Nxd5 5. e4 Nxc3 6. bxc3 Bg7 7. Nf3 c5 8. h3 Qa5 9. Bd2 O-O 10. Be2 Nc6 11. O-O Rd8 12. d5 Ne5 13. Nxe5 Bxe5 14. Qc2 e6 15. c4 Qc7 16. Rab1 exd5 17. cxd5 b6 18. Bg5 f6 19. Be3 Bf4 20. Qd2 Bxe3 21. Qxe3 Qe5 22. f4 Qc7 23. e5 Bf5 24. Bc4 Qg7 25. Rbd1 fxe5 26. fxe5 Kh8 27. d6 Re8 28. e6 Qf6 29. Rfe1 Rad8 30. d7 Re7 31. Qf4 g5 32. Qc7 Qf8 33. Qe5+ Kg8 34. Rf1 1-0


[Site "https://www.chess.com"]

[Event "Titled Tuesday Blitz February 07 Early 2023"]
[White "Kiseleva, Arina"]
[Black "Brodowski, Piotr"]
[WhiteFideId "4164989"]
[BlackFideId "1124480"]
[WhiteElo "1962"]
[BlackElo "2457"]
[Result "0-1"]
[Round "01"]
[TimeControl "180+2"]
[Date "2023.02.07"]
[WhiteClock "0:00:08"]
[BlackClock "0:01:55"]

1. d4 c5 2. e3 Nf6 3. Nf3 g6 4. Be2 Bg7 5. O-O O-O 6. b3 d5 7. Bb2 Nc6 8. Ne5 cxd4 9. exd4 Qc7 10. Nxc6 Qxc6 11. Nd2 Bf5 12. c4 dxc4 13. Nxc4 Rfd8 14. Ne5 Qd6 15. Bc4 Nd5 16. Qf3 a6 17. a4 Rac8 18. Ba3 Qe6 19. Rfe1 b5 20. axb5 axb5 21. Nxg6 Qxg6 22. Bxd5 Bxd4 23. Bxe7 Rc3 24. Qf4 Rxd5 25. Ra8+ Rc8 26. Rxc8+ Bxc8 27. Qc7 Qf5 28. Bh4 Be6 29. Qb8+ Kg7 30. Qg3+ Qg4 31. Qxg4+ Bxg4 32. Kf1 Be6 33. Rd1 Bc3 34. Ke2 Rxd1 35. Kxd1 Bxb3+ 36. Kc1 Bc4 37. Kc2 Bf6 38. Bg3 b4 39. f4 b3+ 40. Kb1 Bd3+ 41. Kc1 b2+ 0-1


[Site "https://www.chess.com"]

[Event "Titled Tuesday Blitz February 07 Early 2023"]
[White "Liang, Justin"]
[Black "Sabar, Ethmane Daouda"]
[WhiteFideId "2099942"]
[BlackFideId "19600097"]
[WhiteElo "2052"]
[BlackElo "2040"]
[Result "1-0"]
[Round "01"]
[TimeControl "180+2"]
[Date "2023.02.07"]
[WhiteClock "0:00:26"]
[BlackClock "0:00:40"]

1. d4 d5 2. c4 e6 3. Nf3 c6 4. g3 Nf6 5. Bg2 Ne4 6. O-O f5 7. Qc2 Be7 8. b3 Nd7 9. Bb2 O-O 10. Nbd2 Ndf6 11. Ne1 Bd7 12. f3 Nxd2 13. Qxd2 Be8 14. Nd3 Bd6 15. Rae1 h6 16. Nf2 g5 17. e4 fxe4 18. fxe4 dxe4 19. Nxe4 Nxe4 20. Rxf8+ Bxf8 21. Rxe4 Bg7 22. Rxe6 Bf7 23. Re2 Qd6 24. d5 Bxb2 25. Qxb2 cxd5 26. Qd4 Rd8 27. Rd2 Qb4 28. cxd5 Qxd4+ 29. Rxd4 Kg7 30. Ra4 a6 31. Rb4 Bxd5 32. Rd4 Kf6 33. Rxd5 Rxd5 34. Bxd5 b6 35. Bb7 Ke5 36. Bxa6 Kd4 37. a4 Kc3 38. Bc4 Kb4 39. Kg2 Kc5 40. Kf3 1-0


[Site "https://www.chess.com"]

[Event "Titled Tuesday Blitz February 07 Early 2023"]
[White "Serpi, Andrea"]
[Black "Belov, Alexei"]
[WhiteFideId "2847499"]
[BlackFideId "4128206"]
[WhiteElo "2191"]
[BlackElo "2421"]
[Result "0-1"]
[Round "01"]
[TimeControl "180+2"]
[Date "2023.02.07"]
[WhiteClock "0:00:09"]
[BlackClock "0:00:27"]

1. e4 e6 2. d4 d5 3. exd5 exd5 4. Nf3 Nf6 5. Bd3 c5 6. O-O Nc6 7. Re1+ Be7 8. dxc5 O-O 9. Nc3 Bxc5 10. Bg5 Bg4 11. Bxf6 Qxf6 12. Nxd5 Qh6 13. Qd2 Qh5 14. Nf4 Qh6 15. Nd5 Qd6 16. Ng5 h6 17. Ne4 Qxd5 18. Nf6+ gxf6 19. Bh7+ Kxh7 20. Qxd5 Bb4 21. c3 Ba5 22. Qe4+ f5 23. Qf4 Rac8 24. h3 Bc7 25. Qc4 Bh5 26. Qc5 Bg6 27. Rad1 Rcd8 28. Rxd8 Rxd8 29. b4 Rd2 30. b5 Bb6 31. Qf8 Bxf2+ 32. Kf1 Bxe1 33. Kxe1 Rd8 34. Qc5 Re8+ 35. Kf1 Ne5 36. Qxa7 Nd3 37. g4 f4 38. Qxb7 Re1+ 39. Kg2 Be4+ 40. Qxe4+ Rxe4 0-1


[Site "https://www.chess.com"]

[Event "Titled Tuesday Blitz February 07 Early 2023"]
[White "Reprintsev, Alexander"]
[Black "Larina, Maria"]
[WhiteFideId "14100541"]
[BlackFideId "24113182"]
[WhiteElo "2253"]
[BlackElo "1948"]
[Result "1-0"]
[Round "01"]
[TimeControl "180+2"]
[Date "2023.02.07"]
[WhiteClock "0:01:07"]
[BlackClock "0:00:13"]

1. e4 c6 2. Nc3 d5 3. Nf3 Bg4 4. h3 Bxf3 5. Qxf3 e6 6. b3 d4 7. Ne2 c5 8. Nf4 Nc6 9. Bb5 Qb6 10. a4 a6 11. Bxc6+ Qxc6 12. a5 Nf6 13. d3 Be7 14. Nh5 Nxh5 15. Qxh5 O-O 16. O-O Qc7 17. f4 f5 18. Bd2 b6 19. axb6 Qxb6 20. exf5 exf5 21. Rfe1 Qf6 22. Qe2 Rfe8 23. Qe6+ Kh8 24. Qxf6 Bxf6 25. Rxe8+ Rxe8 26. Rxa6 h6 27. Kf1 Rc8 28. Rd6 Kh7 29. Ba5 Kg6 30. g4 fxg4 31. hxg4 Kh7 32. Bb6 Be7 33. Re6 Bf8 34. Ke2 Kg8 35. Kf3 Kf7 36. f5 Rc6 37. Rxc6 1-0


[Site "https://www.chess.com"]

[Event "Titled Tuesday Blitz February 07 Early 2023"]
[White "Cramling Bellon, Anna"]
[Black "Tan, Jun Ying"]
[WhiteFideId "32009232"]
[BlackFideId "5710413"]
[WhiteElo "2043"]
[BlackElo "2307"]
[Result "0-1"]
[Round "01"]
[TimeControl "180+2"]
[Date "2023.02.07"]
[WhiteClock "0:00:01"]
[BlackClock "0:00:09"]

1. d4 Nf6 2. c4 e6 3. Nc3 c5 4. d5 exd5 5. cxd5 d6 6. e4 g6 7. f4 Bg7 8. Bb5+ Nfd7 9. Be2 O-O 10. Nf3 c4 11. Bxc4 Nc5 12. O-O Qb6 13. Kh1 Nbd7 14. Be3 Qxb2 15. Nb5 Qxa1 16. Qxa1 Bxa1 17. Rxa1 Nb6 18. Nxd6 Nxe4 19. Nxe4 Nxc4 20. Nf6+ Kg7 21. Bd4 Rd8 22. Ng5 h6 23. Nh5+ Kf8 24. Nh7+ Ke8 25. Re1+ Kd7 26. N5f6+ Kc7 27. Be5+ Nxe5 28. fxe5 Bf5 29. d6+ Kb6 30. Rc1 Rac8 31. Nd5+ Ka5 32. Re1 Rc2 33. h3 Rxa2 34. Ne7 Be6 35. Nf6 b5 36. Rb1 a6 37. Nc6+ Kb6 38. Nxd8 Bc4 39. Rd1 b4 40. Nd7+ Kb5 41. Rb1 Bd5 42. Rd1 Bxg2+ 43. Kg1 Bf3 0-1


[Site "https://www.chess.com"]

[Event "Titled Tuesday Blitz February 07 Early 2023"]
[White "Moksh Amit Doshi"]
[Black "Delorme, Alban"]
[WhiteFideId "25064967"]
[BlackFideId "623636"]
[WhiteElo "2401"]
[BlackElo "2298"]
[Result "1-0"]
[Round "01"]
[TimeControl "180+2"]
[Date "2023.02.07"]
[WhiteClock "0:00:17"]
[BlackClock "0:00:03"]

1. c4 g6 2. Nc3 Bg7 3. d4 Nf6 4. e4 d6 5. h3 O-O 6. Be3 c5 7. Nf3 Nc6 8. d5 Na5 9. a3 b6 10. b4 Nb7 11. Rc1 e6 12. Be2 exd5 13. exd5 Re8 14. O-O Bf5 15. Re1 Ne4 16. Nxe4 Bxe4 17. Bd3 Bxf3 18. Qxf3 Bb2 19. Rb1 Bxa3 20. Bh6 Rxe1+ 21. Rxe1 Bxb4 22. Re2 Bc3 23. Bxg6 Qf6 24. Bxf7+ Kxf7 25. Qh5+ Qg6 26. Qf3+ Qf6 27. Qg4 Re8 28. Bg5 Rxe2 29. Bxf6 Re1+ 30. Kh2 Bxf6 31. Qh5+ Kg7 32. Qg4+ Kf7 33. Qc8 Re7 34. g4 Na5 35. Qf5 h6 36. f4 1-0


[Site "https://www.chess.com"]

[Event "Titled Tuesday Blitz February 07 Early 2023"]
[White "Burke, John F"]
[Black "Kubicka, Anna"]
[WhiteFideId "2052970"]
[BlackFideId "1152254"]
[WhiteElo "2013"]
[BlackElo "2240"]
[Result "0-1"]
[Round "01"]
[TimeControl "180+2"]
[Date "2023.02.07"]
[WhiteClock "0:02:14"]
[BlackClock "0:01:58"]

1. d4 Nf6 2. c4 c5 3. d5 e6 4. Nc3 exd5 5. cxd5 d6 6. Nf3 g6 7. g3 Bg7 8. Bg2 O-O 9. O-O a6 10. a4 Re8 11. Nd2 Nbd7 12. h3 Rb8 13. Nc4 Nb6 14. Na3 Bf5 15. Re1 Qc7 16. e4 Bd7 17. a5 Nc8 18. Nc4 b5 19. axb6 Nxb6 20. Na5 Bb5 21. Nxb5 axb5 22. Nc6 Ra8 23. Rxa8 Rxa8 24. Kh2 Re8 25. f4 Nfd7 26. b3 c4 27. b4 Nb8 28. Nxb8 Qxb8 29. Be3 Na4 30. Bd4 Bxd4 31. Qxd4 Qb6 32. Qf6 Qf2 33. Rf1 Qb6 34. f5 Qd8 35. fxg6 Qxf6 36. gxh7+ Kg7 0-1


[Site "https://www.chess.com"]

[Event "Titled Tuesday Blitz February 07 Early 2023"]
[White "Mendez Fortes, Eduardo Jesus"]
[Black "Levine, David"]
[WhiteFideId "3502376"]
[BlackFideId "2011611"]
[WhiteElo "2250"]
[BlackElo "2040"]
[Result "1-0"]
[Round "01"]
[TimeControl "180+2"]
[Date "2023.02.07"]
[WhiteClock "0:01:20"]
[BlackClock "0:00:25"]

1. e4 e5 2. Nf3 Nc6 3. Bb5 a6 4. Ba4 Nf6 5. O-O Be7 6. Re1 b5 7. Bb3 d6 8. c3 O-O 9. h3 Bb7 10. d4 Re8 11. a4 Bf8 12. Nbd2 h6 13. d5 Nb8 14. c4 c6 15. dxc6 Bxc6 16. axb5 axb5 17. Rxa8 Bxa8 18. cxb5 Nbd7 19. Qe2 Nc5 20. Bc2 Ne6 21. Nc4 Nh5 22. g3 Nf6 23. b3 Nc5 24. Nfd2 d5 25. exd5 Qxd5 26. f3 Ne6 27. Ne4 Nd7 28. Be3 Nd4 29. Bxd4 exd4 30. Qd3 Bb4 31. Re2 Qxb5 32. Ned6 Rxe2 33. Qh7+ Kf8 34. Qh8+ Ke7 35. Qe8+ Kf6 36. Qxf7+ Kg5 37. h4# 1-0


[Site "https://www.chess.com"]

[Event "Titled Tuesday Blitz February 07 Early 2023"]
[White "Fabris, Alberto"]
[Black "Golubev, Mikhail"]
[WhiteFideId "801348"]
[BlackFideId "14100983"]
[WhiteElo "2230"]
[BlackElo "2461"]
[Result "0-1"]
[Round "01"]
[TimeControl "180+2"]
[Date "2023.02.07"]
[WhiteClock "0:00:46"]
[BlackClock "0:00:09"]

1. e4 c5 2. Nf3 d6 3. Bb5+ Bd7 4. Bxd7+ Nxd7 5. d4 cxd4 6. Qxd4 Ngf6 7. O-O g6 8. c4 Bg7 9. Nc3 O-O 10. Qd1 Rc8 11. Qe2 a6 12. Be3 Ng4 13. Bd4 Bxd4 14. Nxd4 Nge5 15. b3 b5 16. f4 Qb6 17. Rad1 Nc6 18. Qf2 Nxd4 19. Qxd4 Qxd4+ 20. Rxd4 bxc4 21. Rxc4 Rxc4 22. bxc4 Rc8 23. Nd5 Rxc4 24. Nxe7+ Kf8 25. Nd5 Rxe4 26. Rb1 Rd4 27. Nc7 Nc5 28. g3 Rd2 29. Rb6 a5 30. a3 Ke7 31. Nb5 h5 32. h3 Ne4 33. g4 Nf2 34. gxh5 Nxh3+ 35. Kf1 gxh5 36. Ra6 Nxf4 37. Rxa5 h4 38. Ra7+ Kf6 39. Nc3 d5 40. Ra6+ Kg5 41. Ra8 h3 42. Rh8 h2 43. Ke1 Rc2 44. Nd1 Nh5 45. Nf2 Rxf2 46. Kxf2 h1=Q 47. Rg8+ Kf4 48. Rg2 Qh4+ 49. Ke2 Ng3+ 50. Kf2 Ne4+ 51. Ke2 Qf6 52. Rg1 Qb2+ 53. Kd3 Qd2# 0-1


[Site "https://www.chess.com"]

[Event "Titled Tuesday Blitz February 07 Early 2023"]
[White "Bagwe Gaurang"]
[Black "Osiecki, Stanislaw"]
[WhiteFideId "45039895"]
[BlackFideId "1102990"]
[WhiteElo "2067"]
[BlackElo "2055"]
[Result "1-0"]
[Round "01"]
[TimeControl "180+2"]
[Date "2023.02.07"]
[WhiteClock "0:00:23"]
[BlackClock "0:00:04"]

1. e4 e6 2. d3 d5 3. Nd2 c5 4. Ngf3 d4 5. g3 Nc6 6. Bg2 e5 7. O-O Bd6 8. a4 Nge7 9. Nc4 Bc7 10. Ne1 O-O 11. f4 f5 12. Qe2 fxe4 13. Bxe4 exf4 14. gxf4 Bf5 15. Ng2 Bxe4 16. Qxe4 Nf5 17. Bd2 Qe7 18. Rae1 Qxe4 19. dxe4 Nfe7 20. f5 Ne5 21. Nxe5 Bxe5 22. Bf4 Nc6 23. Bxe5 Nxe5 24. Nf4 Rf6 25. Re2 Kh8 26. Rg2 c4 27. Ne6 g6 28. Nxd4 gxf5 29. exf5 Rg8 30. c3 Rxg2+ 31. Kxg2 Rb6 32. f6 Kg8 33. Rf5 Rxb2+ 34. Kg3 Nf7 35. Rc5 h5 36. Rxh5 Rb6 37. Rb5 Rxf6 38. Rxb7 Ra6 39. Rb4 Nd6 40. Nb5 Ne4+ 41. Kf4 Nd2 42. Ke5 Rb6 43. Kd5 a6 44. Na3 1-0


[Site "https://www.chess.com"]

[Event "Titled Tuesday Blitz February 07 Early 2023"]
[White "Baruch, Liam"]
[Black "Ozates, Tuna"]
[WhiteFideId "14322064"]
[BlackFideId "6354521"]
[WhiteElo "1718"]
[BlackElo "2251"]
[Result "0-1"]
[Round "01"]
[TimeControl "180+2"]
[Date "2023.02.07"]
[WhiteClock "0:00:18"]
[BlackClock "0:00:52"]

1. e4 c5 2. Nf3 Nc6 3. d4 cxd4 4. Nxd4 e5 5. Nb5 d6 6. N1c3 a6 7. Na3 b5 8. Nd5 Nge7 9. c4 Nd4 10. Bd3 Nxd5 11. cxd5 g6 12. O-O Bg7 13. Be3 O-O 14. f4 exf4 15. Bxf4 f5 16. Nc2 fxe4 17. Bxe4 Nxc2 18. Qxc2 Bf5 19. Rab1 Rc8 20. Qd3 Rc4 21. Bxf5 Rxf5 22. Qg3 Rxd5 23. b3 Rc3 24. Qg4 Rf5 25. Bg3 Qf6 26. Rxf5 gxf5 27. Qe2 Qd4+ 28. Bf2 Qe4 29. Qd2 Qxb1+ 30. Be1 Bd4+ 31. Kf1 Qd3+ 32. Qxd3 Rxd3 33. Ke2 Re3+ 34. Kd2 f4 35. Bf2 Bc3+ 36. Kd1 Rd3+ 37. Kc2 Rd2+ 38. Kxc3 Rxf2 0-1


[Site "https://www.chess.com"]

[Event "Titled Tuesday Blitz February 07 Early 2023"]
[White "ArchibaldCerveza29"]
[Black "Necula, Iulian"]
[BlackFideId "1232380"]
[WhiteElo "2531"]
[BlackElo "1851"]
[Result "1-0"]
[Round "01"]
[TimeControl "180+2"]
[Date "2023.02.07"]
[WhiteClock "0:01:42"]
[BlackClock "0:00:05"]

1. e4 c5 2. Nf3 d6 3. d4 cxd4 4. Nxd4 Nf6 5. Nc3 g6 6. Be3 Nc6 7. f3 h5 8. Qd2 Nxd4 9. Bxd4 Bh6 10. Be3 Bxe3 11. Qxe3 Qa5 12. O-O-O Be6 13. Kb1 Rc8 14. Rd4 Rc5 15. a3 Qc7 16. Be2 O-O 17. h3 a6 18. g4 h4 19. f4 b5 20. f5 b4 21. axb4 Rxc3 22. Qxc3 Qxc3 23. bxc3 Bd7 24. Rhd1 a5 25. b5 Rb8 26. c4 Ne8 27. e5 1-0


[Site "https://www.chess.com"]

[Event "Titled Tuesday Blitz February 07 Early 2023"]
[White "Vargas, Mauricio"]
[Black "Ilkhomi, Jaloliddin"]
[WhiteFideId "4404572"]
[BlackFideId "14700948"]
[WhiteElo "2035"]
[BlackElo "1997"]
[Result "0-1"]
[Round "01"]
[TimeControl "180+2"]
[Date "2023.02.07"]
[WhiteClock "0:00:22"]
[BlackClock "0:01:16"]

1. e4 e6 2. f4 d5 3. e5 c5 4. Nf3 Nc6 5. Bb5 Bd7 6. Bxc6 Bxc6 7. O-O Nh6 8. h3 Qb6 9. Kh1 Be7 10. Qe1 d4 11. d3 Nf5 12. g4 Bh4 13. Qd1 Ng3+ 14. Kg1 Nxf1 15. Nxh4 Ne3 16. Bxe3 dxe3 17. b3 O-O-O 18. c4 Be4 19. Qe2 Rxd3 20. Na3 a6 21. Rc1 Rhd8 22. Nb1 Qb4 23. Ng2 Rd2 24. Nxd2 Rxd2 25. Qxe3 Rxg2+ 26. Kf1 Qd2 27. Qxc5+ Kb8 28. Qf8+ Ka7 29. Qc5+ b6 30. Qc7+ Bb7 0-1


[Site "https://www.chess.com"]

[Event "Titled Tuesday Blitz February 07 Early 2023"]
[White "Leenhouts, Koen"]
[Black "Mohammadian, Mohammad"]
[WhiteFideId "1008439"]
[BlackFideId "12566055"]
[WhiteElo "2447"]
[BlackElo "1398"]
[Result "1-0"]
[Round "01"]
[TimeControl "180+2"]
[Date "2023.02.07"]
[WhiteClock "0:00:31"]
[BlackClock "0:00:02"]

1. e4 e5 2. Nf3 Nc6 3. Bb5 a6 4. Ba4 Nf6 5. O-O Be7 6. Re1 b5 7. Bb3 d6 8. c3 Na5 9. Bc2 c5 10. d4 Qc7 11. a4 Bg4 12. axb5 O-O 13. bxa6 Ra7 14. d5 Rfa8 15. b4 Nc4 16. b5 Nb6 17. Nbd2 h6 18. c4 Qd7 19. Bd3 Nh5 20. h3 Bxh3 21. gxh3 Qxh3 22. Bf1 Qg4+ 23. Kh1 Nf4 24. Nh2 Qh4 25. Nf3 Qxf2 26. Bxf4 exf4 27. Re2 Qg3 28. Rg2 Qh3 29. Rxg7+ Kxg7 30. Bxh3 Kh7 31. e5 Rg8 32. Qc2+ Rg6 33. Bf5 Ra8 34. Bxg6+ fxg6 35. exd6 Bxd6 36. Re1 Rg8 37. Re6 Rd8 38. Qxg6+ 1-0


[Site "https://www.chess.com"]

[Event "Titled Tuesday Blitz February 07 Early 2023"]
[White "De Vreugt, Dennis"]
[Black "Rangel, Daniel"]
[WhiteFideId "1003909"]
[BlackFideId "2124475"]
[WhiteElo "2392"]
[BlackElo "2207"]
[Result "1-0"]
[Round "01"]
[TimeControl "180+2"]
[Date "2023.02.07"]
[WhiteClock "0:00:55"]
[BlackClock "0:00:02"]

1. e4 c5 2. Nf3 g6 3. d4 cxd4 4. Qxd4 Nf6 5. e5 Nc6 6. Qa4 Nd5 7. Qb3 Nc7 8. Bc4 Ne6 9. O-O Bg7 10. Re1 Na5 11. Qc3 Nxc4 12. Qxc4 O-O 13. Nc3 d6 14. Rd1 b6 15. exd6 exd6 16. Ne4 Bb7 17. Rxd6 Qe7 18. Rd1 Rac8 19. Qe2 Nc5 20. Ng3 Qf6 21. c3 Rfe8 22. Be3 Na4 23. Rd2 h5 24. h3 h4 25. Nf1 Bh6 26. N3h2 Bxe3 27. Nxe3 Qg5 28. Qg4 Qf6 29. Qxa4 Qg5 30. Qg4 Qf6 31. Rad1 Qc6 32. Nf3 Qc5 33. Qxh4 Bxf3 34. gxf3 Kg7 35. Ng4 Rh8 36. Qf6+ Kg8 37. Rd8+ Rxd8 38. Rxd8+ 1-0


[Site "https://www.chess.com"]

[Event "Titled Tuesday Blitz February 07 Early 2023"]
[White "Souleidis, Georgios"]
[Black "So, Wesley"]
[WhiteFideId "4206827"]
[BlackFideId "5202213"]
[WhiteElo "2419"]
[BlackElo "2760"]
[Result "0-1"]
[Round "02"]
[TimeControl "180+2"]
[Date "2023.02.07"]
[WhiteClock "0:00:01"]
[BlackClock "0:00:53"]

1. e4 c5 2. Be2 e6 3. d3 d5 4. f4 Bd6 5. Nf3 Nc6 6. O-O Nge7 7. c3 f6 8. g3 O-O 9. a3 Bd7 10. Be3 d4 11. cxd4 cxd4 12. Bf2 e5 13. f5 g5 14. Nfd2 Kg7 15. Nc4 Bc7 16. a4 a6 17. Nba3 Rb8 18. Qb1 Be8 19. Rc1 Bf7 20. Be1 b5 21. axb5 axb5 22. Nd2 Bd6 23. Bd1 Bb4 24. Nc2 Bd6 25. Na3 Bb4 26. Nc2 Bxd2 27. Bxd2 b4 28. Ne1 Qb6 29. Kg2 Ra8 30. h4 h6 31. hxg5 hxg5 32. Nf3 Rxa1 33. Qxa1 Qb5 34. Qb1 Ra8 35. b3 Ng8 36. Qc2 Rc8 37. Qb1 Nh6 38. Nh2 Ne7 39. Rxc8 Nxc8 40. Qc2 Ne7 41. Ng4 Nxg4 42. Bxg4 Qb6 43. Bd1 Nc6 44. Qa2 Qb5 45. Qc2 Na5 46. Qb1 Qc5 47. Bc2 Bh5 48. Kf2 Qb5 49. Qe1 Bf7 50. Bxb4 Nxb3 51. Bxb3 Bxb3 52. Qd2 Bf7 53. Ba3 Kh7 54. Ke2 Bh5+ 55. Kf2 Bf7 56. Ke2 Qb3 57. Bc1 Bh5+ 58. Kf2 Bd1 59. g4 Bxg4 60. Kg3 Bh5 61. Kf2 Kh6 0-1


[Site "https://www.chess.com"]

[Event "Titled Tuesday Blitz February 07 Early 2023"]
[White "Fedoseev, Vladimir"]
[Black "Megalios, Konstantinos"]
[WhiteFideId "24130737"]
[BlackFideId "4238044"]
[WhiteElo "2680"]
[BlackElo "2372"]
[Result "1-0"]
[Round "02"]
[TimeControl "180+2"]
[Date "2023.02.07"]
[WhiteClock "0:00:41"]
[BlackClock "0:00:15"]

1. Nf3 d5 2. d4 Bf5 3. c4 e6 4. Qb3 Nc6 5. a3 Rb8 6. Bf4 Nf6 7. e3 Bd6 8. Bg5 Be7 9. Nc3 Ne4 10. Bxe7 Nxe7 11. Be2 O-O 12. O-O c6 13. a4 a5 14. Qa3 Ng6 15. Rfc1 Nh4 16. cxd5 exd5 17. b4 Nxf3+ 18. Bxf3 Nd2 19. Be2 Re8 20. b5 Qg5 21. Ra2 Bh3 22. g3 Rxe3 23. Rxd2 Rxe2 24. Rxe2 Qg4 25. Qd6 Rf8 26. Qf4 1-0


[Site "https://www.chess.com"]

[Event "Titled Tuesday Blitz February 07 Early 2023"]
[White "Daneshvar, Bardiya"]
[Black "Sanchez, Sebastian Felipe"]
[WhiteFideId "12576468"]
[BlackFideId "4403304"]
[WhiteElo "2540"]
[BlackElo "2427"]
[Result "1-0"]
[Round "02"]
[TimeControl "180+2"]
[Date "2023.02.07"]
[WhiteClock "0:00:37"]
[BlackClock "0:00:02"]

1. d4 Nf6 2. Nf3 d5 3. b3 Bf5 4. Bb2 e6 5. e3 Nbd7 6. Be2 Bd6 7. Nh4 Be4 8. Nd2 h6 9. Nxe4 dxe4 10. g3 g5 11. Ng2 Qe7 12. a3 O-O-O 13. b4 e5 14. d5 a5 15. bxa5 Nc5 16. c4 h5 17. h4 g4 18. Bc3 Nfd7 19. Rb1 f5 20. Qd2 Nb8 21. O-O Nba6 22. Bd1 Rhf8 23. Bc2 Rf7 24. Rfe1 Rdf8 25. Bb4 Qd7 26. Qc3 Kd8 27. Kf1 Ke7 28. Ke2 Ra8 29. Kd1 Kf8 30. Kc1 Kg8 31. Kb2 Na4+ 32. Bxa4 Qxa4 33. Qb3 Qd7 34. Kc2 Qe7 35. Red1 Ra7 36. Qa4 Nc5 37. Bxc5 Bxc5 38. Rb5 Qd6 39. Qb3 b6 40. a4 Rxa5 41. Rxa5 bxa5 42. Qb5 Bb4 43. Kb3 Kf8 44. Ne1 Qc5 45. Nc2 Qxb5 46. cxb5 Bd6 47. Kc4 Rd7 48. Na1 Rd8 49. Nb3 Ra8 50. Nc5 Ke7 51. Ne6 Rg8 52. Kb3 Rb8 53. Rc1 Kd7 54. Ng7 Rf8 55. Ne6 Rf7 56. Rc6 f4 57. exf4 exf4 58. gxf4 Bxf4 59. Nc5+ Kd8 60. Nb7+ Kd7 61. Nc5+ Kd8 62. Nxe4 Be5 63. Re6 Rf3+ 64. Kc4 Bd6 65. Nxd6 cxd6 66. Rxd6+ Kc7 67. Rh6 Rxf2 68. Rxh5 g3 69. Rg5 g2 70. h5 Rc2+ 71. Kd3 1-0


[Site "https://www.chess.com"]